 Dungeon Crawl Stone Soup version 0.31-a0-1163-gcee99d1eea (webtiles) character file.

Game seed: 5882537887606966566

156 Baz the Twirler (level 5, -5/60 HPs)
             Began as a Demonspawn Gladiator on Dec 9, 2023.
             Was an Initiate of Gozag.
             Slain by an orc priest
             ... wielding a +2 heavy war axe
              (8 damage)
             ... on level 3 of the Dungeon.
             The game lasted 00:02:47 (1624 turns).

Baz the Twirler (Demonspawn Gladiator)              Turns: 1624, Time: 00:02:49

Health: -5/60      AC: 22    Str: 16    XL:     5   Next: 15%
Magic:  5/5        EV:  2    Int:  9    God:    Gozag
Gold:   171        SH:  0    Dex: 14    Spells: 4/4 levels left

rFire   . . .        a - +0 quarterstaff
rCold   . . .        (shield currently unavailable)
rNeg    . . .        l - melded +0 scale mail
rPois   +            c - melded +0 helmet
rElec   .            (cloak currently unavailable)
rCorr   .            (gloves currently unavailable)
SInv    .            (boots currently unavailable)
Will    .....        (no amulet)
Stlth   +            f - ring of wizardry
HPRegen 0.30/turn    (no ring)
MPRegen 0.09/turn

%: wizardry (x1)
@: tree-form, gold aura
A: stationary, stasis, torment immunity, boosted hp, ignite blood 1, powered by
pain 1
a: Renounce Religion, Potion Petition, Call Merchant, Bribe Branch


You were on level 3 of the Dungeon.
You worshipped Gozag.
Gozag was aware of your devotion.
You were a tree.
You visited 1 branch of the dungeon, and saw 3 of its levels.

You collected 171 gold pieces.

Inventory:

Hand Weapons
 a - a +0 quarterstaff (weapon)
Missiles
 d - 3 throwing nets (quivered)
 e - a javelin
Armour
 b - a +0 leather armour
 c - a +0 helmet (melded)
 l - a +0 scale mail (melded)
Jewellery
 f - a ring of wizardry (left branch)
 n - an amulet of regeneration
 o - an amulet of magic regeneration
Scrolls
 g - a scroll of enchant weapon {unknown}
 h - a scroll of teleportation {unknown}
 i - a scroll of summoning {unknown}
 k - a scroll of vulnerability {unknown}
 m - 3 scrolls of identify {unknown}
 p - a scroll of torment {unknown}


   Skills:
 + Level 2.9 Fighting
 * Level 4.0 Staves
 - Level 1.7 Throwing
 + Level 1.7 Armour
 + Level 3.3 Dodging


You had 4 spell levels left.
You didn't know any spells.
Your spell library was empty.

Dungeon Overview and Level Annotations

Branches:
Dungeon (3/15) Zot: 16346

Altars:
Gozag
Qazlal


Innate Abilities, Weirdness & Mutations

You are a tree.
Your roots penetrate the ground, keeping you stationary.
You cannot be teleported.
You are immune to unholy pain and torment.
Your maximum health is greatly increased.
Your equipment is partially melded.
Your demonic aura sometimes causes spilled blood to erupt in flames.
You sometimes gain a little power by taking damage.


Message History

You kill the orc!
Unknown command.
You feel sick.
The orc priest is no longer distracted by gold.
The orc priest is distracted by your dazzling golden aura.
The orc hits you with a +2 whip of electrocution.
Items here: $ ))) [.
The orc priest shouts!
You hit the orc.
You kill the orc!
You feel sick.
You feel sick.
Things that are here:
4 gold pieces; a +2 whip of electrocution; a +0 leather armour You hit the orc priest.
The orc priest is no longer distracted by gold.
The orc priest is lightly wounded.
You feel sick.
The orc priest is distracted by your dazzling golden aura.
The orc priest shouts!
You hit the orc priest but do no damage.
The orc priest is no longer distracted by gold.
The orc priest is lightly wounded.
You feel sick.
The orc priest invokes the aid of Beogh against you.
Beogh smites you!
* * * LOW HITPOINT WARNING * * *
You turn into a tree.
Your +0 helmet melds into your body.
Your +0 scale mail melds into your body.
Your roots penetrate the ground.
You feel sick.
The orc priest is distracted by your dazzling golden aura.
You catch the helpless orc priest completely off-guard!
You thump the orc priest!
The orc priest is no longer distracted by gold.
The orc priest is heavily wounded.
You feel sick.
You are no longer poisoned.
The orc priest hits you with a +2 heavy war axe!
You die...
Your body crumbles into a pile of gold.

##### ##
##########.#.###$#####
#..........#..)......#
#.########.#.#.......#
#.......<#.#o.[.......
###.........♣#.......o
#..........#$#..###.#o
#.#........#$#..#
########.#.#..#
#.#.#... #.#.#...#
#.#.#..>. #.#.# #.#


You could see an orc priest.

Vanquished Creatures
  Terence (D:2)
  Natasha (D:3)
  An orc wizard (D:3)
  2 adders
  2 dart slugs
  3 orcs (D:3)
  An endoplasm (D:1)
  3 giant cockroaches (D:2)
  4 goblins (D:2)
  4 hobgoblins
  12 jackals
  3 quokkas
  6 ball pythons
  A bat (D:1)
  A frilled lizard (D:1)
  3 kobolds
  2 rats (D:2)
50 creatures vanquished.

Notes
Turn   | Place    | Note
-------+----------+-------------------------------------------
     0 | D:1      | Baz the Demonspawn Gladiator began the quest for the Orb.
     0 | D:1      | Reached XP level 1. HP: 16/16 MP: 1/1
   295 | D:1      | Gained mutation: You sometimes gain a little power by
                  | taking damage. [demonic ancestry]
   295 | D:1      | Reached XP level 2. HP: 21/22 MP: 2/2
   454 | D:1      | Reached skill level 3 in Staves
   790 | D:2      | Noticed Terence
   808 | D:2      | Killed Terence
   809 | D:2      | Reached skill level 1 in Armour
   809 | D:2      | Reached XP level 3. HP: 28/28 MP: 3/3
  1066 | D:2      | Reached XP level 4. HP: 34/34 MP: 4/4
  1112 | D:2      | Found a stormy altar of Qazlal.
  1230 | D:2      | Found a faded altar of an unknown god.
  1279 | D:2      | Prayed at the altar of an unknown god.
  1279 | D:2      | Became a worshipper of Gozag Ym Sagoz the Greedy
  1590 | D:3      | Noticed Natasha
  1608 | D:3      | Killed Natasha
  1616 | D:3      | Reached skill level 4 in Staves
  1616 | D:3      | Gained mutation: Your demonic aura sometimes causes spilled
                  | blood to erupt in flames. [demonic ancestry]
  1616 | D:3      | Reached XP level 5. HP: 24/40 MP: 5/5
  1624 | D:3      | HP: 3/60 [poisoned by an orc]
  1624 | D:3      | Slain by an orc priest

Illustrated notes

Levels and vault maps discovered:
D:1:      kilobyte_arrival_exit_the_forest, layout_basic
D:2:      wad_pebble_path, layout_loops_ring, basic_altar,
          shapermc_ecumenical_altar_mp_ritualfount, uniq_terence
D:3:      layout_basic, lemuel_crystal_altar, minmay_misc_feat_alley,
          uniq_natasha, uniq_jessica, uniq_ijyb

Skill      XL: |  1  2  3  4 |
---------------+-------------+-----
Staves         | 3 4 |  4.0
Armour         | 1 |  1.7
Dodging        | 3 |  3.3
Fighting       | |  2.9
Throwing       | |  1.7

Action                     |  1- 3 |  4- 6 || total
---------------------------+-------+-------++-------
  Melee: Quarterstaff      |    82 |    60 ||   142
    Use: Potion            |     1 |     1 ||     2
   Stab: Distracted        |       |     1 ||     1
 Armour: Leather armour    |    10 |       ||    10
         Skin              |    13 |     1 ||    14
         Scale mail        |    36 |    31 ||    67
  Dodge: Dodged            |    42 |    31 ||    73

Table legend: (Time is in decaauts)
 A = Elapsed time spent in this place.
 B = Non-inter-level travel time spent in this place.
 C = Inter-level travel time spent in this place.
 D = Time resting spent in this place.
 E = Time spent auto-exploring this place.
 F = Levels seen in this place.
 G = Mean time per level.
                   A        B        C        D        E       F      G
               +--------+--------+--------+--------+--------+-----+--------+
         Total |   1652 |   1610 |     42 |     56 |   1178 |   3 |  550.7 |
       Dungeon |   1652 |   1610 |     42 |     56 |   1178 |   3 |  550.7 |
               +--------+--------+--------+--------+--------+-----+--------+

Top non-repeatable levels by time:
     D:2: 799 daAuts
     D:1: 790 daAuts
     D:3: 63 daAuts
